Map: Black Site 2E

Players

MattBarry - Winner!

  • Race: Protoss Protoss
  • League: Gold
  • Spawn Location: 11:00

Alebay - Winner!

  • Race: Protoss Protoss
  • Spawn Location: 12:00

MattBarry - Winner!

  • Race: Zerg Zerg
  • Spawn Location: 9:00

Tblock

  • Race: Terran Terran
  • Spawn Location: 5:00

Maganu

  • Race: Protoss Protoss
  • Spawn Location: 6:00

Kit

  • Race: Zerg Zerg
  • League: Platinum
  • Spawn Location: 3:00

VOD

Have the link to the VOD?

Description

Time

  • Played on: Jan. 18, 2023, 10:33 p.m.
  • Length: 23:07
Show
View Real Time Build Order
Export as new Build Order

MattBarry Protoss - Winner!

Build Orders:  

Get SALT Encoding   

  12  0:00  Probe  
  13  0:12  Probe  
  14  0:20  Pylon  
  14  0:24  Probe  
  15  0:38  Probe  
  15  0:40  Gateway  
  16  0:48  Assimilator  
  16  0:50  Probe  
  17  1:03  Probe  
  18  1:15  Probe  
  19  1:29  Cybernetics Core  
  19  1:30  Zealot  
  21  1:32  Pylon  
  21  1:34  Probe (Chrono Boost)  
  22  1:44  Probe (Chrono Boost)  
  23  1:49  Probe (Chrono Boost)  
  24  2:03  Probe  
  24  2:05  Warp Gate  
  24  2:06  Adept  
  27  2:15  Probe  
  28  2:18  Nexus  
  28  2:24  Pylon  
  28  2:27  Probe  
  29  2:34  Assimilator  
  29  2:36  Adept  
  31  2:42  Probe  
  32  2:46  Pylon  
  32  2:54  Probe  
  33  3:05  Robotics Facility  
  33  3:06  Probe  
  34  3:14  Adept  
  34  3:19  Forge  
  36  3:23  Probe  
  37  3:30  Probe  
  38  3:35  Probe  
  39  3:41  Gateway  
  39  3:42  Gateway  
  39  3:45  Probe  
  40  3:50  Probe  
  40  3:54  Observer (Chrono Boost)  
  40  3:55  Protoss Ground Weapons Level 1 (Chrono Boost)  
  42  3:57  Probe  
  42  4:02  Probe  
  44  4:05  Pylon  
  44  4:07  Observer (Chrono Boost)  
  44  4:09  Probe  
  46  4:24  Adept  
  48  4:30  Robotics Bay  
  48  4:32  Warp Prism  
  48  4:36  Probe x2  
  52  4:39  Pylon  
  52  4:42  Sentry x2  
  56  4:48  Probe  
  57  5:06  Probe x2  
  59  5:09  Assimilator  
  59  5:13  Stalker  
  59  5:14  Zealot x2, Assimilator  
  65  5:26  Pylon  
  65  5:35  Probe x2  
  65  5:36  Gateway x2  
  65  5:39  Gateway  
  67  5:47  Probe  
  67  5:48  Probe  
  69  5:59  Disruptor  
  69  6:00  Probe x2  
  74  6:21  Adept x3  
  64  6:37  Protoss Ground Armor Level 1  
  64  6:38  Twilight Council  
  64  6:45  Photon Cannon  
  64  6:46  Photon Cannon  
  64  6:50  Stalker x4  
  64  6:51  Pylon, Stalker  
  64  6:52  Stalker  
  64  6:54  Pylon  
  76  6:59  Warp Prism  
  78  7:01  Probe x2  
  80  7:13  Probe  
  80  7:14  Nexus  
  80  7:15  Pylon  
  81  7:20  Photon Cannon  
  81  7:22  Photon Cannon  
  81  7:24  Pylon  
  81  7:35  Templar Archives, Blink (Chrono Boost)  
  81  7:45  Zealot x2  
  85  7:55  Stalker x3  
  85  7:56  Stalker  
  93  8:23  Adept x6  
  93  8:41  Probe  
  93  8:42  Probe x2  
  96  8:53  Assimilator, Probe  
  96  8:54  Stalker x4, Probe x2  
  96  8:55  Stalker x2  
  111  8:57  Assimilator  
  111  9:00  Psionic Storm  
  111  9:21  Protoss Ground Weapons Level 2  
  110  9:30  Charge (Chrono Boost)  
  110  9:34  High Templar  
  110  9:35  High Templar x3  
  118  9:42  Photon Cannon  
  118  9:43  Photon Cannon  
  118  9:45  Probe x3  
  121  9:57  Probe x3  
  124  10:04  Photon Cannon  
  105  10:55  Archon  
  65  11:23  Stalker x2  
  65  11:24  Stalker x4  
  56  11:45  Probe x3  
  59  11:57  Probe x3  
  62  12:04  Photon Cannon x2  
  62  12:07  Photon Cannon  
  62  12:09  Probe x2  
  62  12:10  High Templar x6  
  62  12:14  Probe  
  79  12:23  Probe x2 (Chrono Boost)  
  79  12:26  Probe (Chrono Boost)  
  80  12:35  Probe (Chrono Boost)  
  80  12:36  Probe (Chrono Boost)  
  83  12:37  Disruptor (Chrono Boost), Probe (Chrono Boost)  
  83  12:41  Probe x2 (Chrono Boost)  
  83  12:42  Probe (Chrono Boost)  
  89  12:53  Stalker x6  
  89  12:58  Protoss Ground Weapons Level 3  
  101  12:59  Probe x2  
  101  13:00  Probe  
  104  13:09  Disruptor  
  104  13:11  Probe x2  
  104  13:12  Probe  
  110  13:17  Zealot x3  
  110  13:18  Zealot x3  
  122  13:24  Nexus  
  122  13:25  Pylon  
  122  13:27  Pylon  
  122  13:31  Photon Cannon  
  122  13:39  Pylon  
  122  13:45  Zealot  
  122  13:46  Zealot x5  
  134  13:55  Pylon  
  132  14:15  Zealot x3  
  132  14:16  Zealot x3  
  120  14:40  Zealot x5  
  120  14:41  Zealot  
  120  14:42  Probe x2  
  120  14:43  Probe x2  
  136  14:54  Probe  
  136  14:55  Probe x3  
  122  15:07  Zealot x3  
  122  15:08  Zealot x3  
  134  15:40  Assimilator  
  134  15:41  Assimilator  
  134  15:44  Photon Cannon  
  134  15:46  Photon Cannon  
  106  16:03  Archon  
  82  16:23  Stalker x6  
  94  16:33  Gateway  
  94  16:34  Disruptor  
  94  16:36  Gateway x2  
  97  16:41  Gateway  
  97  16:43  Gateway, Probe x4  
  101  16:55  High Templar x2  
  101  16:56  High Templar x4  
  101  16:57  Nexus  
  101  16:58  Pylon  
  113  17:01  Pylon  
  113  17:03  Pylon  
  113  17:10  Disruptor  
  116  17:27  Photon Cannon  
  116  17:29  Photon Cannon  
  116  17:30  High Templar x3  
  116  17:31  Photon Cannon, High Templar x4  
  116  17:33  Photon Cannon  
  116  17:34  Photon Cannon  
  130  18:00  Pylon  
  130  18:05  Pylon  
  130  18:18  Observer  
  131  18:22  Zealot x5  
  131  18:23  Zealot x6  
  152  18:39  Observer  
  143  19:13  Zealot x5  
  143  19:14  Zealot x6  
  120  19:42  Stalker x4  
  120  19:43  Stalker x6  
  120  19:44  Stalker  
  138  20:19  Stalker x5  
  138  20:20  Stalker x6  
  150  20:49  Stalker x5  
  158  20:50  Stalker x5  
  158  20:51  Stalker  
  132  21:26  Stalker x7  
  132  21:27  Stalker x4  
  129  22:24  Stalker x5  
  129  22:25  Stalker x4  
  129  22:26  Stalker x2  
  135  22:55  Stalker x4  
  135  22:56  Stalker x6  
  135  22:57  Stalker  
Show
View Real Time Build Order
Export as new Build Order

Alebay Protoss - Winner!

Build Orders:  

Get SALT Encoding   

  12  0:00  Probe  
  13  0:12  Probe  
  14  0:18  Pylon  
  14  0:24  Probe  
  15  0:38  Gateway  
  15  0:39  Probe  
  16  0:48  Assimilator  
  16  0:51  Probe  
  17  1:03  Probe  
  18  1:08  Pylon  
  18  1:15  Probe  
  19  1:21  Assimilator  
  19  1:26  Cybernetics Core  
  19  1:28  Probe  
  20  1:40  Probe  
  20  1:41  Pylon  
  21  1:49  Gateway  
  21  1:52  Probe  
  22  1:56  Warp Gate (Chrono Boost)  
  22  2:04  Adept  
  24  2:13  Probe  
  25  2:30  Nexus  
  25  2:36  Adept  
  27  2:39  Adept  
  29  2:54  Probe  
  30  3:07  Probe  
  30  3:12  Pylon  
  31  3:21  Forge  
  31  3:25  Probe  
  32  3:35  Gateway  
  32  3:38  Gateway, Probe  
  32  3:40  Pylon  
  33  3:43  Probe  
  33  3:47  Stalker  
  36  3:54  Probe  
  37  4:06  Stalker  
  39  4:12  Probe x2  
  41  4:19  Photon Cannon, Pylon  
  41  4:26  Stalker  
  43  4:32  Probe x2  
  45  4:39  Protoss Ground Weapons Level 1 (Chrono Boost)  
  45  4:44  Pylon, Probe x2  
  47  4:48  Stalker  
  47  4:51  Stalker  
  51  4:56  Probe x2  
  53  5:08  Photon Cannon  
  53  5:11  Stalker x2  
  53  5:13  Probe  
  53  5:14  Probe  
  59  5:18  Assimilator  
  59  5:21  Assimilator  
  49  5:59  Twilight Council  
  49  6:03  Photon Cannon  
  49  6:12  Probe x2  
  51  6:18  Stalker x2  
  51  6:19  Stalker x2  
  51  6:24  Probe x2  
  61  6:27  Photon Cannon  
  61  6:34  Photon Cannon  
  61  6:37  Probe  
  62  6:47  Photon Cannon  
  62  6:49  Probe  
  62  6:51  Photon Cannon  
  63  7:01  Probe  
  63  7:03  Protoss Ground Armor Level 1 (Chrono Boost)  
  64  7:13  Probe  
  64  7:14  Blink (Chrono Boost)  
  65  7:26  Stalker x2  
  65  7:27  Stalker x2  
  73  7:35  Pylon  
  73  7:37  Pylon  
  73  7:50  Stalker  
  73  7:51  Stalker x2  
  79  7:56  Probe  
  80  8:26  Photon Cannon  
  80  8:41  Stalker  
  80  8:42  Stalker x3  
  88  8:57  Protoss Shields Level 1 (Chrono Boost)  
  88  9:29  Stalker x2  
  88  9:30  Stalker x2  
  96  9:37  Probe  
  97  9:45  Robotics Facility  
  97  9:49  Probe  
  98  10:01  Probe  
  99  10:09  Nexus  
  99  10:16  Stalker  
  100  10:23  Photon Cannon  
  96  10:39  Assimilator  
  96  10:41  Pylon  
  96  10:46  Pylon  
  96  10:49  Pylon  
  86  11:29  Stalker x4  
  94  12:01  Stalker x2  
  94  12:02  Stalker x2  
  102  12:08  Robotics Facility  
  102  12:11  Robotics Facility  
  102  12:15  Pylon  
  99  12:17  Pylon  
  99  12:19  Pylon  
  99  12:30  Pylon  
  99  12:33  Pylon  
  99  12:43  Probe x3  
  102  12:50  Immortal  
  106  12:55  Probe x3  
  109  13:01  Protoss Shields Level 2 (Chrono Boost)  
  109  13:07  Pylon  
  109  13:09  Pylon  
  109  13:13  Assimilator  
  109  13:18  Assimilator  
  109  13:20  Stalker x3  
  115  13:28  Gateway  
  115  13:30  Immortal, Gateway  
  115  13:33  Photon Cannon, Gateway  
  119  13:34  Photon Cannon  
  119  13:37  Photon Cannon  
  119  13:39  Photon Cannon  
  119  13:42  Photon Cannon  
  119  13:46  Probe x3  
  108  15:02  Stalker x3  
  108  15:03  Stalker x4  
  114  15:14  Immortal x3  
  118  15:38  Probe x3  
  118  15:41  Stalker x5  
  131  15:50  Probe x2  
  131  15:53  Immortal x2  
  131  15:54  Immortal  
  79  16:33  Immortal  
  79  16:34  Stalker x4  
  79  16:35  Stalker x3  
  79  16:37  Immortal  
  79  16:38  Immortal  
  105  16:58  Protoss Ground Weapons Level 2 (Chrono Boost)  
  105  17:09  Nexus  
  105  17:12  Immortal  
  105  17:14  Pylon  
  109  17:17  Pylon  
  109  17:18  Stalker x5  
  119  17:41  Photon Cannon  
  119  17:44  Photon Cannon  
  119  17:46  Photon Cannon  
  115  18:11  Observer  
  116  18:13  Observer  
  114  18:32  Stalker x3  
  114  18:33  Stalker x2  
  124  19:26  Stalker  
  124  19:27  Stalker x6  
  86  20:02  Observer  
  86  20:03  Observer  
  86  20:06  Stalker x6  
  80  20:09  Immortal  
  84  20:17  Stalker  
  86  20:24  Immortal x2  
  94  20:31  Protoss Ground Armor Level 2 (Chrono Boost)  
  94  20:41  Stalker x3  
  94  20:42  Stalker x2  
  104  20:49  Immortal  
  100  21:07  Stalker x2  
  100  21:08  Stalker x2  
  108  21:26  Nexus  
  108  21:29  Pylon  
  98  21:33  Pylon  
  70  21:54  Stalker x4  
  70  21:55  Stalker x2  
  80  22:20  Stalker x3  
  80  22:21  Stalker x2  
  72  22:34  Stalker x2  
  76  22:53  Stalker  
  76  22:54  Stalker x2  
Show
View Real Time Build Order
Export as new Build Order

MattBarry Zerg - Winner!

Build Orders: Pool First 

Get SALT Encoding   

  12  0:00  Drone  
  13  0:13  Overlord  
  13  0:17  Drone  
  14  0:26  Drone, Extractor  
  14  0:40  Drone  
  15  0:50  Spawning Pool  
  14  0:57  Drone  
  14  0:58  Drone  
  16  1:14  Drone  
  17  1:30  Drone  
  18  1:39  Zergling x4  
  22  1:52  Hatchery  
  21  1:55  Zergling x4, Extractor  
  23  2:04  Overlord  
  21  2:15  Drone  
  21  2:20  Metabolic Boost  
  22  2:30  Drone  
  23  2:50  Queen  
  25  2:52  Drone  
  25  2:53  Zergling x2  
  26  3:23  Drone  
  26  3:24  Drone  
  27  3:30  Queen  
  27  3:32  Queen  
  31  3:35  Baneling Nest  
  30  3:58  Zergling x2  
  30  3:59  Zergling x8  
  32  4:18  Queen  
  34  4:31  Baneling x6  
  34  4:33  Drone  
  34  4:34  Overlord x2  
  35  4:50  Lair  
  35  4:54  Evolution Chamber  
  35  4:58  Drone  
  35  4:59  Zergling x2, Extractor  
  36  5:00  Zergling x8  
  39  5:15  Queen  
  39  5:20  Zerg Melee Weapons Level 1  
  41  5:24  Drone  
  41  5:25  Drone x2  
  41  5:26  Drone  
  45  5:33  Hatchery  
  31  6:37  Spore Crawler  
  30  6:40  Spore Crawler  
  30  6:41  Spore Crawler  
  30  6:43  Spore Crawler  
  27  6:47  Spore Crawler  
  27  6:49  Spore Crawler  
  27  6:50  Pneumatized Carapace  
  25  6:57  Hydralisk Den  
  25  6:59  Roach Warren, Drone  
  25  7:00  Drone x7  
  31  7:02  Queen  
  33  7:41  Glial Reconstitution  
  33  7:47  Muscular Augments  
  33  7:48  Zerg Missile Weapons Level 1  
  31  8:05  Drone x5  
  35  8:06  Drone x4, Overlord  
  40  8:15  Zergling x2  
  40  8:16  Zergling x8  
  25  9:20  Drone  
  25  9:21  Drone x3, Overlord x2  
  29  9:28  Hydralisk  
  29  9:29  Hydralisk x2  
  35  9:31  Grooved Spines  
  35  9:49  Drone  
  35  9:51  Drone x2  
  38  9:54  Drone  
  39  10:04  Zergling x2  
  39  10:05  Zergling x8  
  44  10:08  Baneling x2  
  44  10:09  Baneling  
  44  10:11  Baneling  
  44  10:13  Baneling  
  44  10:14  Baneling  
  44  10:16  Baneling  
  44  10:17  Baneling  
  44  10:31  Zergling x2  
  44  10:32  Zergling x8  
  35  10:57  Zergling x2  
  35  10:58  Zergling x14  
  37  11:07  Zergling x2  
  38  11:24  Hydralisk x4  
  44  11:55  Queen  
  44  11:57  Drone x2  
  44  11:58  Drone x6  
  53  12:26  Hydralisk  
  53  12:27  Hydralisk x5  
  64  12:56  Drone  
  64  12:57  Drone x4  
  69  12:59  Hydralisk, Overlord x2  
  69  13:00  Hydralisk  
  73  13:18  Extractor  
  72  13:20  Extractor  
  71  13:27  Hydralisk  
  71  13:28  Hydralisk x3  
  71  13:32  Zerg Ground Armor Level 1  
  71  13:33  Hatchery  
  69  14:11  Hatchery  
  66  14:34  Roach x12  
  66  14:35  Overlord x2  
  82  15:14  Roach  
  82  15:15  Roach x12  
  82  15:17  Overlord  
  106  15:29  Overseer  
  106  15:34  Overseer  
  106  15:41  Queen, Drone  
  106  15:42  Drone  
  44  16:28  Hydralisk  
  44  16:29  Hydralisk x14  
  44  16:31  Zergling x2  
  44  16:32  Zergling x2  
  76  16:43  Overlord  
  76  16:44  Overlord  
  76  16:46  Zergling x6  
  79  17:23  Infestation Pit  
  79  17:27  Queen  
  79  17:28  Drone  
  81  17:30  Drone x2  
  81  17:31  Drone  
  79  18:05  Overseer  
  79  18:12  Zergling x2  
  80  18:13  Zergling x48  
  80  18:14  Zergling x4  
  79  19:23  Zergling x2  
  54  19:24  Zergling x22  
  61  20:07  Zergling x2  
  61  20:08  Zergling x16  
  61  20:13  Hatchery  
  50  20:51  Drone  
  50  20:52  Drone x7  
  58  21:03  Extractor  
  57  21:06  Drone x3, Extractor  
  59  21:29  Hydralisk x7  
  59  21:30  Hydralisk x2  
  77  21:33  Zergling x8  
  77  21:34  Zergling x14  
  78  22:24  Zergling x28  
  78  22:25  Zergling x10  
Show
View Real Time Build Order
Export as new Build Order

Tblock Terran 

Build Orders:  

Get SALT Encoding   

  12  0:00  SCV  
  13  0:12  SCV  
  14  0:21  Supply Depot  
  14  0:27  SCV  
  15  0:43  SCV  
  15  0:44  Barracks  
  16  1:00  Refinery  
  16  1:08  SCV  
  17  1:20  SCV  
  18  1:31  Marine  
  20  1:34  Orbital Command  
  19  1:42  Command Center  
  19  1:50  Marine  
  20  1:56  Supply Depot  
  20  2:00  SCV  
  21  2:08  Factory  
  21  2:12  Marine  
  22  2:17  Refinery  
  22  2:24  SCV  
  23  2:30  Marine  
  24  2:40  SCV  
  25  2:54  Starport  
  28  3:01  Barracks Reactor  
  28  3:02  Widow Mine  
  28  3:03  Orbital Command, SCV  
  28  3:15  SCV  
  29  3:30  Widow Mine, Medivac  
  29  3:33  SCV x2  
  35  3:39  Marine x2  
  37  3:52  Barracks  
  37  3:54  Barracks, Factory Tech Lab  
  37  4:15  Marine  
  37  4:16  Marine, Siege Tank  
  42  4:17  Starport Reactor  
  42  4:18  SCV x2  
  44  4:28  Command Center  
  44  4:31  SCV x2  
  46  4:39  Engineering Bay  
  46  4:42  Barracks Reactor, Engineering Bay  
  46  4:43  Barracks Tech Lab  
  46  4:52  Supply Depot  
  46  4:59  Supply Depot  
  46  5:14  SCV x2  
  48  5:26  SCV x2  
  47  5:50  SCV x2  
  47  5:51  Orbital Command, Marine  
  47  5:52  Marine x3  
  47  5:53  Marauder, Stimpack  
  47  5:54  Medivac, Siege Tank  
  47  5:55  Medivac  
  61  6:12  SCV x2  
  61  6:14  Terran Infantry Armor Level 1, Terran Infantry Weapons Level 1  
  61  6:16  Marine x4  
  61  6:17  Marauder  
  69  6:19  Supply Depot  
  69  6:24  Refinery  
  69  6:26  Refinery  
  68  6:46  SCV x3  
  71  6:54  Marine x4  
  71  6:55  Marauder, Siege Tank  
  71  6:57  Medivac  
  71  6:58  SCV x2  
  84  7:04  Supply Depot  
  84  7:29  Marine x4  
  90  7:30  Marauder, Siege Tank  
  90  7:35  Supply Depot  
  90  7:36  Supply Depot  
  93  7:38  Combat Shield  
  93  7:45  Refinery  
  93  7:46  Refinery  
  93  7:57  SCV x3, Medivac x2  
  100  8:23  Marine x2  
  100  8:24  Marine x2, Marauder, Siege Tank  
  100  8:44  Marine x4  
  100  8:46  Marauder, Medivac  
  100  8:48  SCV  
  109  9:06  Supply Depot x2  
  109  9:07  Supply Depot  
  109  9:09  Armory  
  109  9:27  SCV x2, Medivac  
  113  9:44  Barracks  
  113  9:45  Barracks  
  113  9:46  Barracks, SCV x3  
  113  9:47  Barracks  
  116  10:00  Command Center  
  116  10:10  SCV  
  116  10:11  SCV x2  
  119  10:14  Marine x4  
  119  10:15  Marine  
  124  10:23  SCV x3  
  124  10:25  Terran Infantry Weapons Level 2  
  124  10:26  Terran Infantry Armor Level 2  
  127  10:31  Supply Depot, Siege Tank  
  127  10:32  Supply Depot, Medivac  
  132  10:43  Medivac  
  116  10:59  Marine x4  
  116  11:00  Barracks Reactor x3  
  116  11:01  Barracks Reactor  
  116  11:02  Marauder  
  114  11:31  Marine x4  
  118  11:34  Orbital Command  
  118  11:51  Refinery  
  118  11:52  Refinery  
  116  12:23  Marine x4  
  116  12:24  Marine x5  
  116  12:25  Marine x3  
  116  12:27  Marauder  
  116  12:28  Siege Tank  
  133  12:41  Starport Tech Lab, Fusion Core  
  133  12:43  Terran Infantry Weapons Level 3  
  133  12:44  Starport, Terran Infantry Armor Level 3  
  133  12:45  Starport  
  133  13:12  Terran Ship Weapons Level 1  
  133  13:20  Barracks  
  133  13:22  Marine x2  
  133  13:23  Marine x7  
  133  13:25  Marauder  
  144  13:28  Starport Tech Lab x2  
  144  13:31  Battlecruiser  
  97  14:21  Marine x4  
  97  14:22  Marine x5  
  97  14:23  Marauder  
  108  14:26  Battlecruiser x2  
  120  14:44  Marine x3  
  120  14:45  Marine x6  
  126  14:46  Marauder  
  126  14:47  Battlecruiser  
  129  15:13  Marine x4  
  129  15:14  Marine x5  
  134  15:15  Marine x2  
  134  15:16  Marine x3  
  134  15:17  Marauder  
  102  16:08  Marine x5  
  102  16:09  Marine x5  
  102  16:10  Battlecruiser x2  
  127  16:13  Battlecruiser  
  127  16:16  SCV x3  
  131  16:32  Marine  
  131  16:33  Marine x6  
  131  16:34  Marine x2  
  140  17:05  Marine  
  140  17:06  Marine x8  
  140  17:07  Marine x4  
  140  17:08  Marine  
  154  17:09  Marauder  
  154  17:14  Battlecruiser  
  162  17:15  Terran Ship Weapons Level 2  
  162  17:20  Weapon Refit  
  162  17:23  Supply Depot  
  162  17:24  Supply Depot  
  162  17:26  Supply Depot x2  
  162  17:35  Command Center  
  162  17:37  Marine x2, Command Center  
  164  17:44  Marine x8  
  164  17:45  Marine x5  
  164  17:48  Battlecruiser x2  
  180  18:20  Marine x4  
  180  18:21  Marine x5  
  180  18:22  Marauder  
  191  18:35  Supply Depot  
  178  18:54  Orbital Command x2  
  126  19:28  Battlecruiser x3  
  142  19:32  Terran Ship Weapons Level 3  
  133  19:48  Marine x3  
  133  19:49  Marine x7  
  133  19:50  Marine x3  
  133  19:51  Marine  
  133  19:52  Marine  
  148  20:22  Marine x3  
  148  20:23  Marine x5  
  148  20:24  Marine  
  89  22:31  Marine x2  
  89  22:32  Marine x6  
  89  22:33  Marine, Marauder  
  89  22:34  Medivac x3  
Show
View Real Time Build Order
Export as new Build Order

Maganu Protoss 

Build Orders:  

Get SALT Encoding   

  12  0:01  Probe  
  13  0:13  Probe  
  14  0:20  Pylon  
  14  0:25  Probe  
  15  0:38  Probe  
  15  0:41  Gateway  
  16  0:48  Assimilator  
  16  0:59  Probe  
  17  1:12  Probe (Chrono Boost)  
  18  1:23  Probe (Chrono Boost)  
  19  1:35  Probe  
  20  1:42  Cybernetics Core  
  20  1:47  Probe  
  20  1:48  Zealot  
  20  1:52  Assimilator  
  23  2:14  Nexus  
  23  2:17  Pylon  
  23  2:26  Warp Gate (Chrono Boost)  
  23  2:35  Zealot, Probe  
  26  2:44  Gateway  
  26  2:56  Probe  
  26  3:26  Probe (Chrono Boost)  
  27  3:42  Pylon  
  27  3:46  Probe  
  27  3:48  Robotics Facility  
  28  3:58  Probe  
  29  4:04  Forge  
  29  4:07  Stalker  
  31  4:10  Probe  
  31  4:16  Gateway  
  32  4:19  Gateway  
  33  4:32  Probe (Chrono Boost)  
  33  4:35  Stalker x2, Probe (Chrono Boost)  
  38  4:41  Probe (Chrono Boost)  
  38  4:44  Probe (Chrono Boost)  
  44  4:45  Immortal  
  44  4:46  Probe (Chrono Boost)  
  44  4:50  Robotics Bay  
  45  4:54  Probe  
  45  4:58  Assimilator  
  46  5:02  Assimilator  
  46  5:06  Pylon  
  46  5:24  Probe x2  
  48  5:30  Stalker x3  
  54  5:52  Pylon  
  54  5:58  Pylon  
  54  6:02  Pylon  
  54  6:06  Extended Thermal Lance (Chrono Boost)  
  54  6:09  Colossus  
  60  6:12  Pylon  
  60  6:22  Stalker x4  
  68  6:34  Pylon  
  68  6:36  Pylon  
  68  7:02  Probe  
  68  7:04  Immortal  
  73  7:20  Probe (Chrono Boost)  
  74  7:29  Probe (Chrono Boost)  
  76  7:30  Probe (Chrono Boost)  
  76  7:34  Probe (Chrono Boost)  
  76  7:35  Probe (Chrono Boost)  
  76  7:36  Gravitic Boosters (Chrono Boost)  
  78  7:37  Robotics Facility, Nexus  
  78  7:40  Pylon  
  78  7:42  Pylon  
  78  7:44  Stalker x2  
  82  7:54  Observer  
  83  8:00  Probe  
  84  8:11  Photon Cannon  
  84  8:12  Probe  
  85  8:13  Photon Cannon  
  85  8:16  Assimilator  
  85  8:20  Stalker x2, Assimilator  
  89  8:30  Observer  
  89  8:31  Colossus  
  89  8:32  Protoss Ground Weapons Level 1  
  96  8:40  Probe  
  96  8:41  Probe  
  98  9:02  Probe (Chrono Boost)  
  101  9:10  Probe x2 (Chrono Boost)  
  101  9:11  Colossus (Chrono Boost)  
  101  9:12  Probe (Chrono Boost)  
  101  9:14  Stalker  
  101  9:15  Stalker x2  
  114  9:17  Probe (Chrono Boost)  
  115  9:34  Immortal (Chrono Boost)  
  119  9:39  Probe  
  120  9:51  Probe x2 (Chrono Boost)  
  120  9:52  Probe (Chrono Boost)  
  124  10:01  Probe (Chrono Boost)  
  124  10:02  Immortal (Chrono Boost)  
  124  10:06  Probe (Chrono Boost)  
  128  10:09  Immortal (Chrono Boost)  
  83  11:14  Immortal x2 (Chrono Boost)  
  77  11:21  Stalker x4  
  81  11:31  Protoss Ground Armor Level 1  
  81  11:41  Twilight Council  
  81  11:44  Immortal x2 (Chrono Boost)  
  81  11:46  Zealot x4  
  97  11:53  Probe (Chrono Boost)  
  98  12:01  Pylon  
  98  12:03  Probe (Chrono Boost)  
  98  12:08  Probe (Chrono Boost)  
  99  12:09  Zealot x2  
  99  12:10  Zealot x2  
  108  12:18  Charge (Chrono Boost)  
  108  12:19  Immortal (Chrono Boost), Probe  
  108  12:20  Immortal (Chrono Boost)  
  117  12:48  Immortal x2 (Chrono Boost)  
  125  12:56  Probe  
  126  13:08  Probe  
  127  13:15  Nexus  
  127  13:16  Zealot x4, Pylon  
  127  13:19  Pylon  
  135  13:20  Colossus (Chrono Boost)  
  135  13:26  Pylon  
  141  13:34  Immortal  
  141  13:38  Pylon  
  141  13:40  Photon Cannon  
  145  13:42  Photon Cannon  
  145  13:43  Shield Battery  
  145  13:50  Photon Cannon  
  145  13:51  Photon Cannon  
  145  13:52  Shield Battery  
  145  14:11  Immortal (Chrono Boost)  
  143  14:37  Probe  
  132  14:41  Colossus  
  132  14:45  Assimilator  
  138  14:47  Zealot, Assimilator  
  138  14:48  Zealot x3  
  138  14:50  Probe  
  66  15:11  Colossus  
  70  15:24  Gateway  
  70  15:27  Gateway  
  74  15:35  Immortal  
  70  16:06  Zealot  
  70  16:07  Zealot x3  
  70  16:31  Zealot x6  
  74  16:35  Immortal, Colossus  
  84  16:56  Protoss Ground Weapons Level 2  
  84  17:11  Stalker x2  
  84  17:12  Zealot x3  
  84  17:13  Zealot  
  96  17:16  Colossus  
  102  17:43  Nexus  
  102  17:46  Zealot x4  
  102  17:47  Zealot x2, Pylon  
  102  17:50  Pylon, Colossus  
  120  17:54  Pylon  
  120  18:14  Photon Cannon  
  120  18:15  Photon Cannon  
  120  18:18  Photon Cannon  
  120  18:19  Shield Battery  
  120  18:21  Shield Battery  
  120  18:22  Pylon  
  120  18:36  Zealot x3  
  120  18:37  Zealot x3  
  57  19:43  Zealot x2  
  57  19:44  Zealot x4  
  69  20:12  Immortal  
  69  20:13  Immortal  
  65  21:41  Zealot x2  
  65  21:42  Zealot x4  
Show
View Real Time Build Order
Export as new Build Order

Kit Zerg 

Build Orders: Hatch First, Lurkers 

Get SALT Encoding   

  12  0:00  Drone  
  13  0:09  Drone  
  14  0:18  Overlord  
  14  0:36  Drone x2  
  14  0:37  Drone  
  17  0:55  Hatchery  
  16  1:01  Drone  
  17  1:12  Extractor  
  17  1:17  Spawning Pool  
  15  1:20  Drone x2  
  15  1:24  Drone  
  18  1:38  Drone  
  19  1:48  Overlord  
  19  1:59  Drone  
  20  2:04  Queen  
  20  2:07  Zergling x2  
  20  2:08  Queen  
  23  2:09  Drone  
  26  2:16  Metabolic Boost  
  26  2:17  Zergling x2  
  27  2:24  Drone  
  29  2:30  Drone  
  29  2:32  Drone  
  30  2:38  Drone  
  30  2:39  Baneling Nest  
  30  2:43  Drone  
  31  2:46  Drone  
  31  2:50  Overlord  
  32  2:58  Drone  
  32  3:03  Drone  
  34  3:14  Drone x2  
  34  3:15  Zergling x6  
  34  3:18  Overlord  
  39  3:32  Drone x4  
  43  3:34  Lair  
  43  3:35  Drone  
  43  3:38  Extractor  
  43  3:53  Extractor  
  42  3:56  Spore Crawler, Extractor  
  39  4:24  Zergling x2  
  39  4:25  Zergling x4, Drone  
  39  4:26  Drone x2  
  39  4:30  Drone x3  
  49  4:31  Drone  
  49  4:41  Overlord  
  49  4:43  Overlord  
  49  4:53  Drone x2, Spire  
  49  4:58  Drone  
  51  5:01  Drone  
  51  5:03  Overlord  
  52  5:43  Baneling  
  52  5:44  Baneling x2  
  52  6:04  Mutalisk x7  
  49  6:31  Mutalisk  
  49  6:32  Mutalisk x2  
  51  6:45  Drone x5  
  51  6:46  Queen, Drone x2  
  60  6:57  Mutalisk x2  
  64  7:16  Overlord x2  
  64  7:27  Overlord  
  64  7:28  Mutalisk x3  
  70  7:41  Hatchery  
  70  8:05  Drone  
  70  8:06  Drone x5  
  75  8:16  Overseer  
  75  8:33  Overlord  
  75  8:34  Overlord  
  75  8:42  Extractor  
  75  8:43  Extractor  
  61  9:15  Mutalisk  
  61  9:16  Mutalisk x10  
  79  9:34  Zergling x4  
  79  9:35  Zergling x4  
  83  9:40  Infestation Pit  
  82  9:47  Drone x3  
  80  10:57  Zergling x22  
  62  11:57  Zergling x8  
  62  11:58  Zergling x10, Queen  
  57  12:10  Drone x3  
  57  12:15  Hive  
  60  12:16  Zerg Flyer Weapons Level 1  
  60  12:19  Drone  
  61  12:25  Baneling x3, Hatchery  
  61  12:26  Drone  
  61  12:27  Drone  
  62  12:34  Queen  
  64  12:40  Drone  
  64  12:42  Drone x5  
  70  12:59  Hydralisk Den  
  70  13:01  Drone x5  
  74  13:09  Drone x4  
  78  13:14  Drone x3  
  78  13:16  Baneling  
  81  13:21  Overlord  
  81  13:22  Drone  
  82  13:29  Evolution Chamber  
  82  13:31  Evolution Chamber  
  82  13:32  Evolution Chamber  
  79  13:35  Hydralisk x5, Muscular Augments  
  79  13:36  Hydralisk x3, Lurker Den  
  79  13:38  Corruptor  
  96  13:53  Overseer, Overlord x2  
  96  13:55  Corruptor x6  
  108  14:05  Zerg Melee Weapons Level 1  
  108  14:06  Zerg Ground Armor Level 1, Zerg Missile Weapons Level 1  
  108  14:13  Hydralisk x3  
  108  14:14  Hydralisk x5  
  113  14:24  Pneumatized Carapace  
  102  14:34  Hydralisk x12  
  102  14:37  Lurker x6  
  102  14:38  Lurker x2  
  130  14:41  Adaptive Talons  
  130  14:42  Zergling x2  
  130  14:43  Zergling x2  
  128  14:46  Grooved Spines  
  128  14:47  Corruptor  
  130  14:59  Overlord x2  
  130  15:17  Overlord x2  
  130  15:18  Overlord  
  130  15:35  Corruptor  
  130  15:36  Corruptor  
  104  16:10  Hydralisk  
  104  16:11  Hydralisk x5  
  95  16:15  Zergling x2  
  83  16:28  Hydralisk  
  83  16:29  Hydralisk  
  87  17:09  Extractor  
  87  17:12  Hatchery  
  87  17:14  Lurker  
  86  17:21  Lurker  
  86  17:22  Hydralisk, Lurker x3  
  90  17:24  Zergling x2  
  93  17:36  Seismic Spines  
  93  18:30  Drone x3  
  93  18:31  Drone  
  93  18:32  Drone x10  
  107  18:40  Drone  
  108  19:00  Extractor  
  107  19:18  Hatchery  
  77  20:08  Hydralisk  
  77  20:09  Hydralisk x11  
  101  21:11  Drone x2  
  103  21:12  Hydralisk x2  
  103  21:13  Hydralisk x6  
  95  21:45  Zergling x18  
  95  21:46  Zergling x4  
  80  22:00  Zergling x2  
  80  22:01  Zergling x14  
  62  22:17  Zergling x2  
Tags
 
Add a new tag
Caveats
  • Supply blocks, unpowered buildings, or Contaminate may cause inaccurate times.
  • Supply counts are checked every 10 seconds.